 Dungeon Crawl Stone Soup version 0.29.0-4-gdea44cf6ec (webtiles) character file.

Game seed: 6161709166056192342

485 qw the Ruffian (level 6, -3/59 HPs)
             Began as a Troll Cinder Acolyte on Sept 1, 2022.
             Was a High Priest of Ignis.
             Slain by a gnoll
             ... wielding a +0 spear
             ... led by a gnoll sergeant
              (4 damage)
             ... on level 5 of the Dungeon.
             The game lasted 00:01:57 (3384 turns).

qw the Ruffian (Troll Cinder Acolyte)               Turns: 3384, Time: 00:01:58

Health: -3/59      AC: 12    Str: 31    XL:     6   Next: 88%
Magic:  0/6        EV:  9    Int: 10    God:    Ignis [*****.]
Gold:   318        SH:  0    Dex:  5    Spells: 7/7 levels left

rFire   + . .      SeeInvis .     - Unarmed
rCold   . . .      Faith    .   (no shield)
rNeg    . . .      Spirit   +   a - +0 robe
rPois   .          Reflect  .   (helmet restricted)
rElec   .          Harm     .   j - +0 cloak
rCorr   .          Rampage  .   (gloves unavailable)
Will    .....                   (boots unavailable)
Stlth   +.........              f - amulet of guardian spirit
HPRegen 0.99/turn               c - +6 ring of strength
MPRegen 0.10/turn               (no ring)

@: about to teleport, fiery-armoured
A: large, unfitting armour, claws 3, regeneration 1, shaggy fur 1, tough skin 1
a: Renounce Religion, Fiery Armour, Foxfire Swarm, Rising Flame


You were on level 5 of the Dungeon.
You worshipped Ignis.
Ignis was extremely pleased with you.
You visited 1 branch of the dungeon, and saw 5 of its levels.

You collected 318 gold pieces.


Innate Abilities, Weirdness & Mutations

You are too large for most types of armour.
You have claws for hands.
Your natural rate of healing is unusually fast.
You are covered in fur. (AC +1)
You have tough skin. (AC +1)


   Skills:
 - Level 2.4 Fighting
 + Level 7.9 Unarmed Combat
 - Level 1.0 Spellcasting
 - Level 2.1 Fire Magic


You had 7 spell levels left.
You didn't know any spells.
Your spell library contained the following spells:

 Spells                   Type           Power      Damage    Failure   Level
 Scorch                   Fire           8%         2d5       22%         2

Inventory:

Armour
 a - a +0 robe (worn)
 j - a +0 cloak (worn)
Jewellery
 c - a +6 ring of strength (left claw)
 d - a ring of ice
 f - an amulet of guardian spirit (around neck)
Scrolls
 g - a scroll of teleportation
 l - a scroll of identify
 o - a scroll of fear {unknown}
Potions
 b - 4 potions of curing
 e - a potion of invisibility {unknown}
 h - a potion of magic {unknown}
 i - a potion of heal wounds
 k - a potion of might {unknown}
 m - a potion of haste {unknown}
 n - a potion of berserk rage {unknown}

Dungeon Overview and Level Annotations

Branches:
Dungeon (5/15)
 Temple: D:4-7

Altars:


Message History

The gnoll hits you but does no damage.
The gnoll is burned by your cloak of flames.
The gnoll is heavily wounded.
The gnoll hits you but does no damage.
The gnoll sergeant hits you but does no damage.
The gnoll hits you but does no damage. x2
The gnoll is burned by your cloak of flames.
The gnoll is moderately wounded.
There is an open door, spattered with blood here.
Things that are here:
a +0 club; a gnoll corpse You claw the gnoll!
You kill the gnoll!
The gnoll sergeant hits you with a +0 spear.
The gnoll sergeant is burned by your cloak of flames.
The gnoll sergeant is lightly wounded.
The gnoll closely misses you. The gnoll completely misses you.
The gnoll hits you from afar with a +0 halberd.
You barely miss the gnoll.
The gnoll is moderately wounded.
The gnoll hits you with a +0 spear.
The gnoll is burned by your cloak of flames.
The gnoll is severely wounded.
The gnoll hits you from afar with a +0 halberd.
The gnoll hits you from afar with a +0 spear.
The gnoll sergeant hits you but does no damage.
The gnoll sergeant is burned by your cloak of flames.
The gnoll sergeant is lightly wounded.
3384 ||| READING 2 scrolls of teleportation.
As you read the scroll of teleportation, it crumbles to dust.
You feel strangely unstable. The gnoll hits you but does no damage.
The gnoll is burned by your cloak of flames.
You kill the gnoll!
The gnoll hits you from afar with a +0 halberd.
The gnoll sergeant hits you but does no damage.
The gnoll sergeant is burned by your cloak of flames.
The gnoll sergeant is moderately wounded.
The gnoll hits you from afar with a +0 spear.
You die...

############
#..........#####
##.....~~~~.~~~~#
#......~##~.~##~..#
###......~###@## .#
.#.#.#...#~~#g))#
.........#~~#.gg#
.#.#.#%#...#~~#.?.#
.......<...#~######
.#.#.#.#...#~#
........#~~
#.#.#...###
###.....#


You could see a gnoll sergeant and 2 gnolls.

Vanquished Creatures
  A water moccasin (D:5)
  A jelly (D:4)
  A hound (D:4)
  An orc priest (D:4)
  2 iguanas
  An orc wizard (D:4)
  7 gnolls
  5 adders
  3 worms (D:2)
  4 dart slugs
  6 orcs
  7 ball pythons
  6 endoplasms
  2 giant cockroaches
  11 goblins
  10 hobgoblins
  11 kobolds
  6 quokkas
  3 bats
  8 frilled lizards
  3 rats
99 creatures vanquished.

Notes
Turn   | Place    | Note
-------+----------+-------------------------------------------
     0 | D:1      | qw the Troll Cinder Acolyte began the quest for the Orb.
     0 | D:1      | Reached XP level 1. HP: 22/22 MP: 1/1
     0 | D:1      | 0 ||| qw: Version: 0.1-a-97-g2dd2ca4
     0 | D:1      | 0 ||| qw: Game counter: 4719
     0 | D:1      | 0 ||| qw: Always use a shield: true
     0 | D:1      | 0 ||| qw: God list: Okawaru
     0 | D:1      | 0 ||| qw: Allow faded altars: false
     0 | D:1      | 0 ||| qw: Do Orc after D:15 true
     0 | D:1      | 0 ||| qw: Do second Lair branch before Depths: true
     0 | D:1      | 0 ||| qw: Lair rune preference: random
     0 | D:1      | 0 ||| qw: Plans: Normal
     0 | D:1      | 0 ||| PLANNING D:1-11
   152 | D:1      | 152 ||| Stepping ~*~*~tactically~*~*~ (stealth).
   156 | D:1      | 156 ||| Stepping ~*~*~tactically~*~*~ (stealth).
   158 | D:1      | 158 ||| Stepping ~*~*~tactically~*~*~ (outnumbered).
   160 | D:1      | 160 ||| Stepping ~*~*~tactically~*~*~ (outnumbered).
   162 | D:1      | 162 ||| Stepping ~*~*~tactically~*~*~ (outnumbered).
   164 | D:1      | 164 ||| INVOKING Fiery Armour.
   165 | D:1      | Reached XP level 2. HP: 11/29 MP: 2/2
   165 | D:1      | 165 ||| Stepping ~*~*~tactically~*~*~ (outnumbered).
   328 | D:1      | 328 ||| Stepping ~*~*~tactically~*~*~ (hiding).
   492 | D:1      | Reached skill level 4 in Unarmed Combat
   739 | D:1      | 739 ||| UPGRADING to +0 cloak.
   747 | D:1      | 747 ||| UPGRADING to +6 ring of strength.
   750 | D:1      | 750 ||| READING scroll labelled ZIFATHO SUROI.
   752 | D:1      | 752 ||| READING 2 scrolls labelled HOPIKH BAERELA.
   753 | D:1      | 753 ||| READING 3 scrolls labelled NABRIX FISO.
   757 | D:1      | 757 ||| READING 2 scrolls labelled GOATUDU SAYN.
   758 | D:1      | 758 ||| READING scroll labelled NOSUMM YLAEST.
   759 | D:1      | 759 ||| DROPPING scroll of immolation.
   786 | D:2      | 786 ||| Stepping ~*~*~tactically~*~*~ (outnumbered).
   807 | D:2      | Reached XP level 3. HP: 36/36 MP: 3/3
   810 | D:2      | 810 ||| Stepping ~*~*~tactically~*~*~ (stealth).
   814 | D:2      | 814 ||| Stepping ~*~*~tactically~*~*~ (stealth).
   820 | D:2      | 820 ||| Stepping ~*~*~tactically~*~*~ (stealth).
   824 | D:2      | 824 ||| Stepping ~*~*~tactically~*~*~ (stealth).
   825 | D:2      | 825 ||| Stepping ~*~*~tactically~*~*~ (stealth).
  1204 | D:2      | Found a faded altar of an unknown god.
  1414 | D:2      | Reached XP level 4. HP: 42/44 MP: 4/4
  1425 | D:2      | Reached skill level 5 in Unarmed Combat
  1490 | D:2      | 1490 ||| UPGRADING to amulet of guardian spirit.
  1495 | D:2      | 1495 ||| DRINKING 4 black potions.
  1496 | D:2      | 1496 ||| DRINKING 2 glowing golden potions.
  1497 | D:2      | 1497 ||| DROPPING potion of degeneration.
  1539 | D:3      | 1539 ||| Stepping ~*~*~tactically~*~*~ (stealth).
  1545 | D:3      | 1545 ||| Stepping ~*~*~tactically~*~*~ (outnumbered).
  1547 | D:3      | 1547 ||| Stepping ~*~*~tactically~*~*~ (outnumbered).
  1554 | D:3      | 1554 ||| Stepping ~*~*~tactically~*~*~ (hiding).
  1960 | D:3      | 1960 ||| Stepping ~*~*~tactically~*~*~ (stealth).
  1966 | D:3      | 1966 ||| Stepping ~*~*~tactically~*~*~ (stealth).
  1967 | D:3      | 1967 ||| Stepping ~*~*~tactically~*~*~ (stealth).
  1979 | D:3      | Reached XP level 5. HP: 48/50 MP: 5/5
  2063 | D:3      | 2063 ||| READING scroll labelled ANERAF QAGGITS.
  2064 | D:3      | 2064 ||| READING scroll labelled RIATHY XEAVERCHAX.
  2065 | D:3      | 2065 ||| READING 2 scrolls of teleportation.
  2089 | D:4      | 2089 ||| Stepping ~*~*~tactically~*~*~ (stealth).
  2090 | D:4      | 2090 ||| Stepping ~*~*~tactically~*~*~ (stealth).
  2169 | D:4      | 2169 ||| Stepping ~*~*~tactically~*~*~ (stealth).
  2171 | D:4      | 2171 ||| Stepping ~*~*~tactically~*~*~ (hiding).
  2173 | D:4      | 2173 ||| INVOKING Fiery Armour.
  2176 | D:4      | 2176 ||| Stepping ~*~*~tactically~*~*~ (stealth).
  2180 | D:4      | Reached skill level 6 in Unarmed Combat
  2214 | D:4      | 2214 ||| Stepping ~*~*~tactically~*~*~ (stealth).
  2670 | D:4      | 2670 ||| Stepping ~*~*~tactically~*~*~ (hiding).
  2676 | D:4      | 2676 ||| Stepping ~*~*~tactically~*~*~ (stealth).
  2689 | D:4      | Reached XP level 6. HP: 58/59 MP: 4/6
  2790 | D:4      | Reached skill level 7 in Unarmed Combat
  3266 | D:4      | 3266 ||| DRINKING 2 glowing red potions.
  3294 | D:5      | Entered Level 5 of the Dungeon
  3294 | D:5      | Noticed a water moccasin
  3313 | D:5      | 3313 ||| INVOKING Fiery Armour.
  3314 | D:5      | Killed a water moccasin
  3315 | D:5      | 3315 ||| STAIRDANCE
  3383 | D:5      | HP: 13/59 [gnoll/+0 spear[a gnoll sergeant] (6)]
  3383 | D:5      | HP: 6/59 [gnoll/+0 spear[a gnoll sergeant] (4)]
  3384 | D:5      | 3384 ||| READING 2 scrolls of teleportation.
  3384 | D:5      | HP: 1/59 [gnoll/+0 halberd[a gnoll sergeant] (6)]
  3384 | D:5      | Slain by a gnoll

Levels and vault maps discovered:
D:1:      lightli_molten_gateway, layout_basic, minmay_pentomino_q4
D:2:      layout_loops_ring, shapermc_ecumenical_altar_mp_vishouse,
          kennysheep_generic_room_8
D:3:      corexii_shack_village, layout_rooms, minmay_close_crescents
D:4:      layout_layer_cave
D:5:      layout_basic, nicolae_kikubaaqudgha_miasma_corner, bloody_makhleb,
          nicolae_tso_swordbearing_angel, minmay_temple_entry_waves,
          serial_shops, shop, st_stairs_12, minmay_misc_feat_roman,
          lightli_minifort, uniq_edmund, uniq_duvessa

Skill      XL: |  1  2  3  4  5  6 |
---------------+-------------------+-----
Unarmed Combat | 4 5 6 7 |  7.9
Fighting       | |  2.4
Spellcasting   | |  1.0
Fire Magic     | |  2.1

Action                   |  1- 3 |  4- 6 || total
-------------------------+-------+-------++-------
Melee: Unarmed           |   105 |   116 ||   221
       Punch             |     1 |     2 ||     3
Invok: Fiery Armour      |     1 |     2 ||     3
  Use: Scroll            |     5 |     4 ||     9
       Potion            |       |     3 ||     3
Armor: Robe              |    31 |    40 ||    71
Dodge: Dodged            |    25 |    38 ||    63

Table legend:
 A = Non-vault XP
 B = Vault XP
 C = Vault XP percentage of total XP
 D = Non-vault monster count
 E = Vault monster count
 F = Vault count percentage of total count
                 A         B        C        D         E       F
            +---------+---------+-------+---------+---------+-------
      Total |     463 |     244 |  34.5 |      76 |      23 |  23.2
            +---------+---------+-------+---------+---------+-------
        D:1 |      31 |       4 |  11.4 |      15 |       3 |  16.7
        D:2 |      67 |       0 |   0.0 |      28 |       0 |   0.0
        D:3 |      54 |      51 |  48.6 |      12 |      16 |  57.1
        D:4 |     297 |       0 |   0.0 |      20 |       0 |   0.0
        D:5 |      14 |     189 |  93.1 |       1 |       4 |  80.0
            +---------+---------+-------+---------+---------+-------
